AoeStats
← tigremaster

Nomad

506915955Analyzed
4v4 RM · 17d ago on Sep 15, 2026· 46m 33s· 8 players
Game mode
Random Map
Map size
231×231
Population
200
Speed
Normal
Resources
Standard
Victory
Conquest
Starting age
Dark Age
Ending age
Imperial Age
RankedLock teamsTeams togetherTeam positionsShared explorationLock speedFull tech treeHidden civsTurbo modeCheats
Victory
Defeat
🇨🇦 Georgians · Canada
1345
+15
🇨🇦 Bengalis · Canada
1299
+17
🇮🇹 Mongols · Italy
1272
+18
🇩🇪 Bohemians · Germany
1245
+18
🇸🇪 Chinese · Sweden
1371
-20
🇦🇷 Malay · Argentina
1348
-18
🇦🇷 Italians · Argentina
1315
-17
🇦🇷 Japanese · Argentina
1203
-13
Nhitty
5:25 Loom
17:17 Feudal Age
21:08 Castle Age
19:38 Gold Mining
19:45 Fishing Lines
22:19 Fletching
23:45 Padded Archer Armor
23:45 Bodkin Arrow
24:02 Double-Bit Axe
25:56 Padded Archer Armor
31:46 Leather Archer Armor
36:02 Imperial Age
36:55 Wheelbarrow
36:05 Horse Collar
36:38 Bow Saw
37:46 Ballistics
37:29 Bracer
39:13 Ring Archer Armor
39:45 Chemistry
40:43 Gold Shaft Mining
39:37 Elite Skirmisher
41:03 Conscription
42:17 Forging
42:07 Scale Mail Armor
46:16 Scale Barding Armor
46:47 Iron Casting
Hieminator
12:40 Loom
15:32 Feudal Age
16:37 Double-Bit Axe
19:15 Castle Age
17:04 Double-Bit Axe
17:45 Horse Collar
20:21 Scale Barding Armor
21:27 Chain Barding Armor
23:37 Forging
25:47 Bloodlines
28:42 Wheelbarrow
27:52 Town Watch
30:23 Stone Mining
30:46 Bow Saw
31:15 Fletching
37:20 Iron Casting
36:47 Husbandry
42:11 Imperial Age
39:34 Gold Mining
39:45 Heavy Plow
42:51 Capped Ram
43:44 Cavalier
44:14 Siege Ram
45:17 Conscription
45:49 Bodkin Arrow
46:30 Plate Barding Armor
45:53 Bodkin Arrow
46:31 Padded Archer Armor
nikias.marquardt
11:11 Loom
13:19 Feudal Age
17:47 Castle Age
17:08 Double-Bit Axe
19:48 Scale Barding Armor
19:27 Horse Collar
49:18 Imperial Age
Jac
2:59 Loom
12:40 Feudal Age
19:52 Castle Age
18:22 Gold Mining
18:55 Fletching
19:12 Double-Bit Axe
20:01 Stone Mining
21:05 Medium Warships
28:44 Bodkin Arrow
29:23 Padded Archer Armor
30:28 Leather Archer Armor
32:40 Ballistics
34:11 Murder Holes
38:34 Imperial Age
37:26 Masonry
37:23 Horse Collar
39:41 Bracer
41:31 Chemistry
43:30 Conscription
44:55 Heavy Plow
45:25 Elite Mangudai
47:00 Heavy Plow
47:08 Siege Engineers
[ZCHE] Benja
3:45 Loom
13:29 Feudal Age
17:58 Castle Age
16:17 Double-Bit Axe
16:25 Fishing Lines
17:17 Fletching
18:59 Gillnets
20:25 Bow Saw
19:58 Horse Collar
22:11 Medium Warships
25:24 Wheelbarrow
25:07 Bodkin Arrow
29:15 Wheelbarrow
30:24 Padded Archer Armor
31:06 Ballistics
32:18 Leather Archer Armor
32:56 Thumb Ring
34:00 Town Watch
39:55 Gold Mining
40:22 Hand Cart
Barto
5:43 Loom
14:10 Feudal Age
15:48 Double-Bit Axe
20:03 Castle Age
21:19 Fletching
21:42 Bow Saw
22:09 Horse Collar
22:54 Stone Mining
23:13 Gold Mining
32:48 Imperial Age
32:15 Wheelbarrow
33:48 Town Watch
36:30 Conscription
39:52 Ballistics
40:11 Heavy Plow
41:16 Padded Archer Armor
41:12 Bodkin Arrow
44:05 Chemistry
47:17 Two-Man Saw
kei 2026
5:25 Loom
15:12 Feudal Age
19:51 Castle Age
18:04 Stone Mining
18:17 Double-Bit Axe
19:10 Gold Mining
20:17 Bow Saw
20:27 Horse Collar
22:45 Forging
25:34 Wheelbarrow
25:20 Fletching
27:19 Redemption
29:27 Husbandry
30:27 Town Watch
33:05 Iron Casting
33:23 Bodkin Arrow
39:07 Hand Cart
45:24 Heavy Plow
49:05 Imperial Age
tigremaster
4:22 Loom
14:19 Feudal Age
15:36 Double-Bit Axe
17:00 Fishing Lines
17:40 Fletching
21:43 Castle Age
19:50 Gold Mining
20:29 Padded Archer Armor
21:50 Crossbowman
23:22 Gold Shaft Mining
23:00 Forging
22:56 Bodkin Arrow
25:17 Town Watch
25:51 Leather Archer Armor
37:03 Wheelbarrow
Connection lost

Rejoining the realm…

Still unreachable

The connection could not be restored.

Session expired

The server has moved on; the page needs a fresh start.